 Dungeon Crawl Stone Soup version 0.20.1-1-g8b1a95d (webtiles) character file.

503 raph the Slasher (level 6, 0/78 HPs)
             Began as a Minotaur Gladiator on Oct 4, 2017.
             Succumbed to a scorpion's poison
             ... on level 5 of the Dungeon.
             The game lasted 00:06:14 (3096 turns).

raph the Slasher (Minotaur Gladiator)               Turns: 3096, Time: 00:06:15

Health: 0/78       AC:  9    Str: 23    XL:     6   Next: 96%
Magic:  0/5        EV: 10    Int:  5    God:
Gold:   124        SH:  0    Dex: 14    Spells: 5/5 levels left

rFire    + . .     SeeInvis .   a - +0 long sword
rCold    x . .     Gourm    .   B - +0 buckler
rNeg     . . .     Faith    .   j - +0 chain mail
rPois    .         Spirit   +   c - +0 hat
rElec    .         Reflect  .   p - +0 cloak
rCorr    .         Harm     .   (no gloves)
MR       .....                  (no boots)
Stlth    ..........             k - amulet of guardian spirit
Regen    0.3/turn               n - ring of fire
MPRegen  0.1/turn               (no ring)

@: confused, berserking (expiring), lethally poisoned (0 -> -1), very quick
A: retaliatory headbutt, horns 2
a: no special abilities


You were on level 5 of the Dungeon.
You were not hungry.

You visited 1 branch of the dungeon, and saw 5 of its levels.

You collected 124 gold pieces.

Inventory:

Hand Weapons
 a - a +0 long sword (weapon)
 v - a +0 long sword
Missiles
 d - 3 throwing nets (quivered)
Armour
 c - a +0 hat (worn)
 j - a +0 chain mail (worn)
 p - a +0 cloak (worn)
 B - a +0 buckler (worn)
Jewellery
 k - an amulet of guardian spirit (around neck)
 n - a ring of fire (left hand)
Wands
 y - a wand of lightning (4/15)
Scrolls
 e - a scroll of noise {unknown}
 h - a scroll of immolation {unknown}
 i - a scroll of amnesia {unknown}
 l - a scroll of teleportation {unknown}
 m - 2 scrolls of identify {unknown}
 o - 3 scrolls of remove curse {unknown}
 q - a scroll of magic mapping {unknown}
 s - 2 scrolls of enchant weapon {unknown}
 w - 2 scrolls of fear {unknown}
Potions
 b - 3 potions of curing {unknown}
 g - a potion of haste {unknown}
 t - 2 potions of brilliance {unknown}
 A - a potion of lignification {unknown}
Comestibles
 f - 2 bread rations
 r - 5 meat rations
 x - a royal jelly
 z - a fruit
 C - 2 chunks of flesh


   Skills:
 + Level 4.2 Fighting
 * Level 6.6 Long Blades
 - Level 3.1 Throwing
 + Level 1.3 Armour
 + Level 5.0 Dodging
 + Level 1.6 Shields


You had 5 spell levels left.
You didn't know any spells.

Dungeon Overview and Level Annotations

Branches:
Dungeon (5/15)
 Temple: D:4-7

Altars:
Nemelex Xobeh

Annotations:
D:4 Fengband's ghost, amateur MfAr


Innate Abilities, Weirdness & Mutations

You reflexively headbutt those who attack you in melee.
You have a pair of horns on your head.


Message History

You kill the orc warrior!
Your Fighting skill increases to level 4!
Your Armour skill increases to level 1!
You feel sick.
You closely miss something. You headbutt something!
The orc priest mumbles some strange prayers to Beogh against you.
Beogh smites you!
* * * LOW HITPOINT WARNING * * *
Unknown command.
You hear some strange, mumbled words.
You are confused.
You feel a strong urge to attack something.
Something hits you but does no damage.
You completely miss something. You headbutt something.
Reactivating autopickup.
You feel a bit more experienced.
You closely miss the orc priest. You headbutt the orc priest!
You kill the orc priest!
Your Dodging skill increases to level 5!
You die...

#.#.#.# #.#..........#.#..
#.#.#.......#.######.#......
#.#.#.#...###.######...#....
.. ................#.#####
.....................
#.####.#####.#.###..
#.#.)O..# #.#.#
####.#.#.##†.# #.#.#
........@.#..# #.#.#
####.#.####..# ..#.# #. ...#
#.#.# ## ...# ###.# ...#
..#.#


There were no monsters in sight!

Vanquished Creatures
  An orc warrior (D:5)
  2 scorpions
  An orc priest (D:5)
  Crazy Yiuf (D:2)
  Jessica (D:3)
  An orc wizard (D:5)
  2 worker ants
  5 adders
  4 oozes
  3 worms
  2 dart slugs
  4 leopard geckos
  4 orcs (D:3)
  6 giant cockroaches
  9 goblins
  8 hobgoblins
  2 ball pythons
  6 bats
  3 frilled lizards
  7 kobolds
  A leopard gecko skeleton (D:4)
  6 rats
79 creatures vanquished.

Notes
Turn   | Place    | Note
-------+----------+-------------------------------------------
     0 | D:1      | raph the Minotaur Gladiator began the quest for the Orb.
     0 | D:1      | Reached XP level 1. HP: 18/18 MP: 0/0
   144 | D:1      | Reached XP level 2. HP: 17/25 MP: 1/1
   420 | D:1      | Reached skill level 4 in Long Blades
   830 | D:2      | Reached XP level 3. HP: 27/30 MP: 2/2
  1354 | D:2      | Found a runed door.
  1358 | D:2      | Noticed Crazy Yiuf
  1364 | D:2      | Killed Crazy Yiuf
  1364 | D:2      | Reached XP level 4. HP: 33/38 MP: 1/3
  2009 | D:3      | Reached skill level 5 in Long Blades
  2054 | D:3      | Reached XP level 5. HP: 42/45 MP: 2/4
  2123 | D:3      | Noticed Jessica
  2138 | D:3      | Killed Jessica
  2588 | D:4      | Found a sparkling altar of Nemelex Xobeh.
  2598 | D:4      | Noticed Fengband's ghost (amateur MfAr)
  2637 | D:3      | Reached XP level 6. HP: 52/52 MP: 5/5
  2842 | D:5      | Entered Level 5 of the Dungeon
  3040 | D:5      | Reached skill level 6 in Long Blades
  3069 | D:5      | Reached skill level 1 in Shields
  3075 | D:5      | Noticed an orc warrior
  3090 | D:5      | Killed an orc warrior
  3090 | D:5      | Reached skill level 1 in Armour
  3091 | D:5      | HP: 1/78 [orc priest/divine providence (9)]
  3095 | D:5      | Reached skill level 5 in Dodging
  3096 | D:5      | Succumbed to a scorpion's poison

Skill      XL: |  1  2  3  4  5  6 |
---------------+-------------------+-----
Long Blades    | 4 5 6 |  6.6
Dodging        | 4 5 |  5.0
Fighting       | 3 4 |  4.2
Throwing       | 3 |  3.1
Shields        | 1 |  1.6
Armour         | 1 |  1.3

Action                   |  1- 3 |  4- 6 || total
-------------------------+-------+-------++-------
Melee: Long sword        |    73 |   120 ||   193
       Headbutt          |    14 |    27 ||    41
  Use: Potion            |       |     1 ||     1
  Eat: Chunk             |     1 |     6 ||     7
Armor: Leather armour    |     5 |       ||     5
       Chain mail        |    30 |    68 ||    98
Dodge: Dodged            |    32 |    54 ||    86
Block: Buckler           |       |     1 ||     1
       Rpst.: Long sword |     9 |     9 ||    18
